Map: Rifts to Korhal

Players

Smilemaker

  • Race: Terran Terran
  • Spawn Location: 7:00

NamroodTuo

  • Race: Zerg Zerg

VOD

Have the link to the VOD?

Description

Time

  • Played on: May 17, 2023, 12:01 p.m.
  • Length: 29:20
Show
View Real Time Build Order
Export as new Build Order

Smilemaker Terran 

Build Orders:  

Get SALT Encoding   

  12  0:15  Refinery  
  12  0:26  Refinery  
  12  0:42  Supply Depot  
  12  1:13  Barracks  
  12  1:15  SCV  
  13  1:36  SCV  
  14  1:53  SCV  
  15  2:02  Marine  
  14  2:10  SCV  
  17  2:26  SCV  
  18  2:43  SCV  
  18  3:00  SCV  
  19  3:17  SCV  
  20  3:35  SCV  
  20  3:37  Marine  
  22  3:52  SCV  
  22  3:56  Factory  
  22  3:58  Barracks Tech Lab  
  23  4:41  Supply Depot  
  23  4:42  Firebat  
  25  4:53  Orbital Command  
  25  4:55  Firebat  
  27  5:07  Firebat  
  27  5:20  Firebat  
  29  5:32  Medic  
  30  6:50  Vulture, Firebat, Supply Depot  
  34  7:00  Vulture  
  34  7:02  Marine  
  37  7:10  Vulture  
  39  8:01  Vulture, Supply Depot  
  39  8:02  Marauder  
  39  8:09  Supply Depot  
  43  8:14  Medic  
  43  8:25  Marauder  
  45  8:37  Firebat  
  47  8:50  Firebat  
  47  8:59  Supply Depot  
  49  9:20  Starport  
  49  9:22  Factory Tech Lab  
  49  10:25  Vulture  
  49  10:27  Fusion Core  
  51  10:35  Vulture, Marauder  
  55  10:45  Vulture  
  55  10:47  Firebat  
  57  10:55  Vulture  
  57  10:59  Marine  
  62  11:13  Medic  
  62  11:17  Vulture  
  62  11:24  Firebat  
  51  11:48  Starport Tech Lab  
  51  11:54  Vulture  
  53  12:04  Vulture  
  55  12:15  Vulture  
  55  12:18  Supply Depot  
  57  12:25  Vulture  
  59  12:32  Battlecruiser, Supply Depot  
  59  12:35  Vulture  
  67  13:15  Battlecruiser  
  66  13:57  Battlecruiser  
  72  14:13  Vulture  
  87  14:20  Marauder  
  74  14:23  Vulture  
  78  14:44  Supply Depot  
  78  14:45  Vulture, Marauder  
  82  14:55  Vulture  
  82  14:57  Marine, Supply Depot  
  82  14:58  Battlecruiser  
  84  15:03  Supply Depot  
  50  17:43  Vulture  
  52  17:53  Vulture  
  52  17:54  Marauder  
  56  18:02  Battlecruiser  
  56  18:04  Vulture  
  56  18:06  Marine  
  63  18:14  Vulture  
  63  18:17  Marauder, Supply Depot  
  63  18:22  Supply Depot  
  63  18:24  Vulture  
  63  18:29  Marine  
  50  18:32  Supply Depot  
  50  18:39  Medic  
  48  18:45  Battlecruiser  
  54  19:25  Vulture  
  56  19:33  Marauder  
  56  19:36  Vulture  
  60  19:45  Marine  
  60  19:46  Vulture  
  63  19:50  SCV  
  63  19:56  Vulture, Marauder  
  68  20:06  Vulture  
  68  20:07  SCV  
  68  20:09  Firebat  
  73  20:24  SCV  
  72  20:57  Bunker  
  72  20:59  Battlecruiser  
  51  23:03  Engineering Bay  
  51  23:11  Supply Depot  
  51  23:19  Supply Depot  
  51  23:26  Supply Depot  
  51  23:27  Battlecruiser  
  57  24:00  Vulture  
  57  24:06  Marine  
  60  24:10  Vulture, Battlecruiser  
  60  24:16  Marine  
  69  24:20  Vulture  
  69  24:26  Medic  
  73  24:30  Vulture  
  73  24:37  Firebat  
  77  24:40  Vulture  
  79  24:53  Battlecruiser  
  40  26:38  Battlecruiser  
  40  26:42  Vulture  
  48  26:53  Vulture  
  48  26:55  Marauder  
  52  27:03  Vulture  
  52  27:09  Marauder  
  56  27:21  Battlecruiser, Marauder  
  64  27:34  Marauder  
  66  27:47  Firebat  
  68  27:59  Medic  
  68  28:04  Battlecruiser  
Show
View Real Time Build Order
Export as new Build Order

NamroodTuo Zerg 

Build Orders:  

Get SALT Encoding   

  12  0:22  Infested Barracks  
  12  0:30  Infested SCV  
  12  0:32  Infested SCV  
  12  0:38  Infested SCV  
  15  0:59  Overlord  
  15  1:07  Overlord  
  15  1:24  Infestation Level 1  
  15  1:30  Infested SCV  
  15  1:35  Infested SCV  
  17  1:45  Infested SCV  
  17  1:46  Infested SCV  
  19  1:56  Infested SCV  
  20  2:04  Infested Engineering Bay  
  20  2:10  Infested SCV  
  21  2:20  Infested Refinery  
  21  2:37  Infested Refinery  
  21  2:38  Infested SCV  
  22  2:41  Infested SCV  
  23  2:55  Infested Marine x4  
  23  2:56  Infested Marine x4  
  31  3:14  Infested Barracks Tech Lab  
  31  3:48  Overlord  
  31  3:49  Overlord  
  31  4:04  Infestation Level 2  
  32  4:51  Infested Bunker  
  27  5:04  Infested Marine  
  27  5:05  Infested Marine x8  
  36  5:26  Retinal Augmentation  
  36  5:32  Infested SCV x4  
  36  5:33  Infested SCV  
  41  5:46  Infested Marine x7  
  47  6:04  Anaerobic Enhancement  
  46  6:13  Stukov Infantry Armor Level 1  
  46  6:26  Infested SCV  
  46  6:28  Overlord  
  38  7:04  Broodling Gestation  
  36  7:28  Infested Bunker  
  36  7:31  Plagued Munitions  
  36  7:39  Overlord  
  36  7:40  Overlord, Infested SCV x2  
  36  7:41  Infested SCV  
  39  8:12  Infested SCV  
  39  8:15  Infested Missile Turret  
  39  8:19  Infested Factory  
  44  8:30  Infested Bunker  
  44  8:42  Infested Missile Turret  
  44  8:53  Stukov Infantry Weapons Level 1  
  44  9:07  Infested Bunker  
  48  9:41  Infested Armory  
  48  10:04  Infested Bunker  
  56  10:52  Infested Missile Turret  
  56  10:55  Infested Bunker  
  56  11:17  Infested Factory Tech Lab  
  56  11:21  Overlord x2  
  56  11:33  Regenerative Plating  
  56  11:59  Infested Bunker  
  60  12:24  Unknown  
  60  12:33  Stukov Infantry Armor Level 2  
  60  12:44  Overlord x2  
  60  12:45  Aggressive Incubation  
  60  12:49  Infested Siege Tank  
  63  13:59  Infested Siege Tank x3  
  72  14:00  Infested Siege Tank  
  75  14:52  Infested Marine  
  75  14:53  Infested Marine x16  
  96  15:03  Infested Bunker  
  82  15:43  Calcified Armor  
  78  16:12  Overlord x3  
  78  16:13  Overlord x2  
  78  16:18  Infestation Level 3  
  78  16:24  Stukov Vehicle and Ship Weapons Level 1  
  78  16:43  Stukov Infantry Weapons Level 2  
  78  17:08  Infested Siege Tank  
  78  17:09  Infested Siege Tank x2  
  87  17:57  Overseer x3  
  87  18:05  Overlord  
  87  18:06  Overlord  
  87  18:52  Infested Siege Tank  
  87  18:53  Infested Siege Tank  
  93  19:04  Stukov Vehicle and Ship Armor Level 1  
  93  19:45  Infested Marine x4  
  93  19:46  Infested Marine x14  
  111  19:51  Infested Command Center  
  111  19:53  Stukov Infantry Armor Level 3  
  97  21:11  Infested Bunker  
  101  21:22  Infested Bunker  
  101  21:49  Infested Bunker  
  105  21:50  Infested SCV x2  
  105  21:51  Infested SCV  
  105  21:58  Infested Missile Turret  
  108  22:11  Infested Missile Turret  
  108  22:24  Infested Siege Tank x2  
  105  22:42  Infested SCV x4  
  103  23:36  Infested Bunker  
  111  23:40  Infested Bunker  
  111  23:41  Overlord  
  111  23:42  Infested SCV  
  112  24:05  Stukov Infantry Weapons Level 3  
  112  24:07  Stukov Vehicle and Ship Armor Level 2  
  111  24:42  Infested Marine x6  
  111  24:43  Infested Marine x12  
  133  25:23  Infested Bunker  
  134  25:38  Infested Marine  
  134  25:39  Infested Marine x12  
  138  26:12  Infested Bunker  
  138  26:21  Infested Barracks  
  122  26:54  Infested Siege Tank x3  
  122  26:55  Infested Siege Tank x2  
  122  26:58  Overlord  
  122  26:59  Overlord x3  
  131  27:41  Infested Siege Tank  
  131  27:42  Infested Siege Tank  
Tags
 
Commander
RaynorStukov
Matchup
Co-op
Replay Pack
Multiplayer
Add a new tag
Caveats
  • Supply blocks, unpowered buildings, or Contaminate may cause inaccurate times.
  • Supply counts are checked every 10 seconds.